 Dungeon Crawl Stone Soup version 0.17.1-3-g152610e (webtiles) character file.

472 MrTails the Chopper (level 6, -1/73 HPs)
             Began as a Demonspawn Berserker on Feb 22, 2016.
             Was a Priest of Trog.
             Shot with an arrow of flame by a centaur (8 damage)
             ... on level 4 of the Dungeon.
             The game lasted 00:09:57 (3615 turns).

MrTails the Chopper (Demonspawn Berserker)          Turns: 3615, Time: 00:09:57

Health: -1/73      AC: 13    Str: 24    XL:     6   Next: 83%
Magic:  6/6        EV:  8    Int:  9    God:    Trog [***...]
Gold:   202        SH:  0    Dex: 12    Spells: 0 memorised, 5 levels left

rFire  . . .     SeeInvis .     a - +0 hand axe
rCold  . . .     Clarity  .     v - +0 chain mail
rNeg   . . .     SustAt   .     (no shield)
rPois  .         Gourm    .     (helmet restricted)
rElec  .         Spirit   .     (no cloak)
rCorr  +         Warding  .     (no gloves)
rMut   .         Stasis   .     o - +0 pair of boots
MR     .....                    u - amulet of resist corrosion
Stlth  ..........               (no ring)
                                (no ring)

@: berserking, drained, very quick, not resistant to hostile enchantments,
extremely unstealthy
A: antennae 2, thin metallic scales 2, powered by death 1
a: Berserk, Trog's Hand, Burn Spellbooks, Renounce Religion


You were on level 4 of the Dungeon.
You worshipped Trog.
Trog was most pleased with you.
You were very hungry.

You visited 1 branch of the dungeon, and saw 4 of its levels.

You collected 202 gold pieces.

Inventory:

Hand Weapons
 a - a +0 hand axe (weapon)
Armour
 b - a +0 animal skin
 d - a +0 ring mail
 k - the +1 robe of the Three Eyes {*Drain Int-2 Dex+10 Stlth+}
   (You found it on level 4 of the Dungeon)

   It affects your intelligence (-2).
   It affects your dexterity (+10).
   It causes draining when unequipped.
   It makes you more stealthy.
 o - a +0 pair of boots (worn)
 v - a +0 chain mail (worn)
Jewellery
 u - an amulet of resist corrosion (around neck)
Scrolls
 e - 5 scrolls of identify
 p - a scroll of fog
Potions
 f - a potion of curing {unknown}
 g - a potion of haste
 h - a potion of magic {unknown}
 j - a potion of brilliance {unknown}
 l - a potion of lignification {unknown}
 n - a potion of poison {unknown}
 s - 2 potions of heal wounds {unknown}
Comestibles
 c - a bread ration
 i - 3 fruits
 m - 2 meat rations


   Skills:
 + Level 4.6(3.4) Fighting
 * Level 5.4(4.2) Axes
 + Level 3.6(2.4) Armour
 - Level 1.7(0.7) Dodging


You had 5 spell levels left.
You didn't know any spells.

Dungeon Overview and Level Annotations

Branches:
Dungeon (4/15)
 Temple: D:4-7

Altars:
Ashenzari
Elyvilon
Fedhas


Innate Abilities, Weirdness & Mutations

You have a pair of antennae on your head.
You are mostly covered in thin metallic scales (AC +3).
You regenerate a little health from kills.


Message History

You are too injured to fight recklessly!
Unknown command.
You are too injured to fight recklessly!
You barely miss the phantom.
The phantom is moderately damaged.
The centaur unwields an uncursed shortbow.
The centaur hits the bush but does no damage.
You slash the phantom!
The phantom is moderately damaged.
The phantom hits you.
* * * LOW HITPOINT WARNING * * *
The centaur wields an uncursed shortbow.
The centaur shoots an arrow of flame.
The arrow of flame hits you.
* * * LOW HITPOINT WARNING * * *
The arrow of flame burns you.
* * * LOW HITPOINT WARNING * * *
You hit the phantom but do no damage.
The phantom is moderately damaged.
The centaur shoots an arrow of flame.
The arrow of flame hits you!
You die...

..# #.# .#.
#.# #.# #.##
#.(# ##(# #.##
#(.#####
#@.....#
......W....#.#
#
.####.PPPP...#
# #.PcPPP..# #
#.PP_ ..#
##### #. P ..#
....# # .#
##..# ##.[#


You could see a phantom and a centaur.

Vanquished Creatures
  A phantom (D:4)
  2 hounds (D:4)
  A giant frog skeleton (D:4)
  2 orc wizards (D:4)
  2 iguanas
  2 worker ants (D:4)
  5 adders
  An ooze (D:2)
  8 worms
  2 orcs
  A ball python (D:4)
  7 giant cockroaches
  9 hobgoblins
  11 jackals
  A quokka (D:3)
  7 bats
  8 giant newts
  6 goblins
  5 kobolds
  9 rats
90 creatures vanquished.

Notes
Turn   | Place    | Note
--------------------------------------------------------------
     0 | D:1      | MrTails the Demonspawn Berserker began the quest for the Orb.
     0 | D:1      | Reached XP level 1. HP: 18/18 MP: 1/1
   180 | D:1      | Gained mutation: You are partially covered in thin metallic scales (AC +2). [demonic ancestry]
   180 | D:1      | Reached XP level 2. HP: 18/24 MP: 2/2
   335 | D:1      | Reached ** piety under Trog
   548 | D:2      | Gained mutation: You have a pair of small antennae on your head. [demonic ancestry]
   548 | D:2      | Reached XP level 3. HP: 13/29 MP: 3/3
   724 | D:2      | Found a white marble altar of Elyvilon.
  1276 | D:2      | Found a shattered altar of Ashenzari.
  1367 | D:2      | Gained mutation: You are mostly covered in thin metallic scales (AC +3). [demonic ancestry]
  1367 | D:2      | Reached XP level 4. HP: 16/35 MP: 4/4
  2036 | D:3      | Reached *** piety under Trog
  2084 | D:3      | Reached skill level 4 in Axes
  2409 | D:3      | Gained mutation: You have a pair of antennae on your head. [demonic ancestry]
  2409 | D:3      | Reached XP level 5. HP: 16/42 MP: 5/5
  3053 | D:4      | Noticed a phantom
  3092 | D:4      | Killed a phantom
  3092 | D:4      | Reached skill level 5 in Axes
  3092 | D:4      | Gained mutation: You regenerate a little health from kills. [demonic ancestry]
  3092 | D:4      | Reached XP level 6. HP: 22/48 MP: 6/6
  3507 | D:4      | Got a shimmering robe
  3565 | D:4      | Identified the +1 robe of the Three Eyes {*Drain Int-2 Dex+10 Stlth+} (You found it on level 4 of the Dungeon)
  3602 | D:4      | Noticed a centaur
  3603 | D:4      | Found a blossoming altar of Fedhas.
  3605 | D:4      | Noticed a phantom
  3615 | D:4      | Shot with an arrow of flame by a centaur

Action                   |  1- 3 |  4- 6 || total
-------------------------+-------+-------++-------
Melee: Hand axe          |   136 |   247 ||   383
Invok: Berserk           |     3 |     5 ||     8
  Use: Scroll            |       |     8 ||     8
 Stab: Sleeping          |     1 |       ||     1
  Eat: Chunk             |     3 |    11 ||    14
       Beef jerky        |     1 |       ||     1
